 Dungeon Crawl Stone Soup version 0.21.1-1-g345015f (webtiles) character file.

633 tidbits the Covert (level 7, 9/56 HPs)
             Began as a Gnoll Assassin on June 5, 2018.
             Quit the game on level 7 of the Dungeon.
             The game lasted 00:13:14 (1146 turns).

tidbits the Covert (Gnoll Assassin)                 Turns: 1146, Time: 00:13:15

Health: 9/56       AC:  4    Str: 13    XL:     7   Next: 49%
Magic:  10/10      EV: 14    Int: 16    God:
Gold:   130        SH:  0    Dex: 16    Spells: 11/11 levels left

rFire    + + +     SeeInvis .   b - +0 blowgun
rCold    . . .     Gourm    .   (no shield)
rNeg     . . .     Faith    .   c - +0 robe
rPois    +         Spirit   .   (no helmet)
rElec    .         Reflect  .   d - +0 cloak
rCorr    +         Harm     .   G - +0 pair of gloves of the Loofah {*Drain rPois rF+++ rCorr}
MR       +....                  (no boots)
Stlth    ++++......             (no amulet)
HPRegen  0.18/turn              s - ring of protection from magic
MPRegen  0.12/turn              (no ring)

@: no status effects
A: distributed training, fangs 1, strong nose
a: no special abilities


You were on level 7 of the Dungeon.
You were near starving.

You visited 2 branches of the dungeon, and saw 9 of its levels.

You collected 130 gold pieces.

Inventory:

Hand Weapons
 a - a +2 dagger
 b - a +0 blowgun (weapon)
 f - a +0 spear of flaming
   (You took it off a gnoll on level 4 of the Dungeon)
 i - a +0 spear
 j - a +0 flail
 o - a +1 dagger of protection
   (You found it on level 3 of the Dungeon)
 r - a +0 quarterstaff
 v - a +0 war axe
 y - a +0 broad axe
 z - a +0 shortbow
Missiles
 e - 7 poisoned needles (quivered)
 A - 38 arrows
Armour
 c - a +0 robe (worn)
 d - a +0 cloak (worn)
 p - a +0 pair of gloves
 B - a +0 ring mail
 G - the +0 pair of gloves of the Loofah (worn) {*Drain rPois rF+++ rCorr}
   (You found it on level 7 of the Dungeon)

   It renders you almost immune to fire.
   It protects you from poison.
   It protects you from acid and corrosion.
   It causes draining when unequipped.
Jewellery
 s - a ring of protection from magic (left hand)
   (You found it on level 3 of the Dungeon)
Wands
 t - a wand of flame (24)
 x - a wand of random effects (22)
Scrolls
 h - 3 scrolls of identify {unknown}
 k - 2 scrolls of teleportation
 l - 3 scrolls of fear {unknown}
 m - a scroll of enchant weapon {unknown}
 u - 2 scrolls of remove curse {unknown}
Potions
 w - a potion of haste {unknown}
Comestibles
 g - 6 rations


   Skills:
 + Level 5.2 Fighting
 + Level 5.2 Short Blades
 + Level 2.5 Long Blades
 + Level 2.5 Axes
 + Level 2.5 Maces & Flails
 + Level 2.5 Polearms
 + Level 2.5 Staves
 + Level 2.5 Slings
 + Level 2.5 Bows
 + Level 2.5 Crossbows
 + Level 5.2 Throwing
 + Level 2.5 Armour
 + Level 3.6 Dodging
 + Level 8.2 Stealth
 + Level 2.5 Shields
 + Level 2.5 Unarmed Combat
 + Level 2.5 Spellcasting
 + Level 2.0 Conjurations
 + Level 2.0 Hexes
 + Level 2.0 Charms
 + Level 2.0 Summonings
 + Level 2.0 Necromancy
 + Level 2.0 Translocations
 + Level 2.0 Transmutations
 + Level 2.0 Fire Magic
 + Level 2.0 Ice Magic
 + Level 2.0 Air Magic
 + Level 2.0 Earth Magic
 + Level 2.0 Poison Magic
 + Level 2.7 Invocations
 + Level 2.5 Evocations


You had 11 spell levels left.
You didn't know any spells.

Dungeon Overview and Level Annotations

Branches:
Dungeon (8/15)             Temple (1/1) D:4
   Lair: D:8-11

Altars:
Ashenzari
Dithmenos
Elyvilon
Fedhas
Gozag
Hepliaklqana
Kikubaaqudgha
Makhleb
Nemelex Xobeh
Okawaru
Qazlal
Sif Muna
Uskayaw
Vehumet
Wu Jian
Xom
Yredelemnul
Zin
The Shining One

Annotations:
D:3 Zorot's ghost, amateur OpMo
D:4 Jaiteiro's ghost, amateur OgHu
D:7 Joseph


Innate Abilities, Weirdness & Mutations

Your experience applies equally to all skills.
You have very sharp teeth.
Your uncanny sense of smell can sniff out nearby items.


Message History

The hungry ghost is almost destroyed.
The hungry ghost closely misses you.
You miss the hungry ghost.
The hungry ghost is almost destroyed.
The hungry ghost closely misses you. The hungry ghost misses you.
You slash the hungry ghost!
You destroy the hungry ghost!
Your Conjurations skill increases to level 2!
Your Hexes skill increases to level 2!
Your Charms skill increases to level 2!
Your Summonings skill increases to level 2!
Your Necromancy skill increases to level 2!
Your Translocations skill increases to level 2!
Your Transmutations skill increases to level 2!
Your Fire Magic skill increases to level 2!
Your Ice Magic skill increases to level 2!
Your Air Magic skill increases to level 2!
Your Earth Magic skill increases to level 2!
Your Poison Magic skill increases to level 2!
A killer bee zombie comes into view.
Found 15 sling bullets.
Found a stone staircase leading down.
A killer bee comes into view.
A killer bee comes into view.
You see here 15 sling bullets.
Wield which item (- for none, * to show all)? (? for menu, Esc to quit)
a - a +2 dagger (weapon)
The helpless killer bee zombie fails to defend itself.
You stick the killer bee zombie like a pincushion!!!
You destroy the killer bee zombie!
You see here a leather armour.
Found a ring mail.
You see here a ring mail.
B - a ring mail
Found a falchion.
You see here a falchion.
Joseph shoots a sling bullet.
The sling bullet closely misses you.
Joseph shoots a sling bullet.
The sling bullet misses you.
Wield which item (- for none, * to show all)? (? for menu, Esc to quit)
Okay, then.
Evoke which item? (* to show all) (? for menu, Esc to quit)
Aiming: Random Effects
Press: ? - help, Shift-Dir - straight line, f - Joseph
Aim: Joseph, wielding a hunting sling of flaming and wearing a runed leather armour The bolt of poison hits Joseph.
Joseph is lightly wounded.
Joseph shoots a sling bullet.
The sling bullet hits you!
Evoke which item? (* to show all) (? for menu, Esc to quit)
Aiming: Random Effects
Press: ? - help, Shift-Dir - straight line, f/p - Joseph
Aim: Joseph, wielding a hunting sling of flaming and wearing a runed leather armour (lightly wounded) Joseph seems to speed up.
Evoke which item? (* to show all) (? for menu, Esc to quit)
Aiming: Random Effects
Press: ? - help, Shift-Dir - straight line, f/p - Joseph
Aim: Joseph, wielding a hunting sling of flaming and wearing a runed leather armour (lightly wounded, fast)
The puff of frost hits Joseph.
Joseph is moderately wounded.
Joseph unwields an uncursed hunting sling of flaming.
It stops flaming.
Joseph wields an uncursed quarterstaff.
Joseph closely misses you.
Evoke which item? (* to show all) (? for menu, Esc to quit)
Aiming: Random Effects
Press: ? - help, Shift-Dir - straight line, f/p - Joseph
Aim: Joseph, wielding a quarterstaff and wearing a runed leather armour (moderately wounded, fast) Joseph resists with some effort.
Joseph barely misses you.
Evoke which item? (* to show all) (? for menu, Esc to quit)
Aiming: Random Effects
Press: ? - help, Shift-Dir - straight line, f/p - Joseph
Aim: Joseph, wielding a quarterstaff and wearing a runed leather armour (moderately wounded, fast)
The bolt of poison hits Joseph.
Joseph is moderately wounded.
Joseph hits you with an uncursed quarterstaff!!
* * * LOW HITPOINT WARNING * * *
It was a potion of curing.
You feel better.
Joseph shouts, "At last, some action!"
Joseph closely misses you. x2
Evoke which item? (* to show all) (? for menu, Esc to quit)
Aiming: Random Effects
Press: ? - help, Shift-Dir - straight line, f/p - Joseph
Aim: Joseph, wielding a quarterstaff and wearing a runed leather armour (moderately wounded, fast) Joseph easily resists.
Joseph hits you with an uncursed quarterstaff.
* * * LOW HITPOINT WARNING * * *
Wield which item (- for none, * to show all)? (? for menu, Esc to quit)
b - a +0 blowgun (weapon)
Joseph closely misses you.
Firing (i - inventory. (,) - cycle):
n - 2 curare-tipped needles (quivered)
Press: ? - help, Shift-Dir - straight line, f/p - Joseph
Aim: Joseph, wielding a quarterstaff and wearing a runed leather armour (moderately wounded, fast)
You shoot a curare-tipped needle.
The curare-tipped needle barely misses Joseph.
Joseph hits you with an uncursed quarterstaff!
* * * LOW HITPOINT WARNING * * *
Firing (i - inventory. (,) - cycle):
n - a curare-tipped needle (quivered)
Press: ? - help, Shift-Dir - straight line, f/p - Joseph
Aim: Joseph, wielding a quarterstaff and wearing a runed leather armour (moderately wounded, fast)
You shoot a curare-tipped needle.
The curare-tipped needle closely misses Joseph.
Joseph hits you but does no damage.
Are you sure you want to abandon this character and quit the game? (Confirm with "yes".)

#.##.# #.##.# ∆
#.##.# #.##.#
#.##.# # #.##.#
#.######.##.#
####........)..#
##.##
......@@(...####
....#
#.###.#######
####.# .... ##
#.## #. #.# #.
#.# #. #.# #.
####### #.# #.
......####.#
##############
#.


You could see Joseph.

Vanquished Creatures
  Grinder (D:3)
  A hungry ghost (D:7)
  A centaur (D:7)
  A crimson imp (D:5)
  A centaur skeleton (D:4)
  A killer bee zombie (D:7)
  A worker ant zombie (D:8)
  4 adders
  7 gnolls
  An adder skeleton (D:4)
  3 worms
  A dart slug (D:4)
  A leopard gecko (D:4)
  2 orcs (D:4)
  2 giant cockroaches (D:4)
  A goblin (D:2)
  A jackal (D:3)
  2 kobolds
  5 bats
  2 rats
39 creatures vanquished.

Notes
Turn   | Place    | Note
-------+----------+-------------------------------------------
     0 | D:1      | tidbits the Gnoll Assassin began the quest for the Orb.
     0 | D:1      | Reached XP level 1. HP: 20/20 MP: 1/1
   116 | D:2      | Reached XP level 2. HP: 26/26 MP: 2/2
   139 | D:2      | Reached XP level 3. HP: 27/31 MP: 3/3
   153 | D:2      | Reached skill level 1 in Invocations
   205 | D:3      | Noticed Zorot's ghost (amateur OpMo)
   227 | D:3      | Noticed Grinder
   230 | D:3      | Killed Grinder
   230 | D:3      | Reached skill level 1 in Long Blades
   230 | D:3      | Reached skill level 1 in Axes
   230 | D:3      | Reached skill level 1 in Maces & Flails
   230 | D:3      | Reached skill level 1 in Polearms
   230 | D:3      | Reached skill level 1 in Staves
   230 | D:3      | Reached skill level 1 in Slings
   230 | D:3      | Reached skill level 1 in Bows
   230 | D:3      | Reached skill level 1 in Crossbows
   230 | D:3      | Reached skill level 1 in Armour
   230 | D:3      | Reached skill level 3 in Dodging
   230 | D:3      | Reached skill level 8 in Stealth
   230 | D:3      | Reached skill level 1 in Shields
   230 | D:3      | Reached skill level 1 in Unarmed Combat
   230 | D:3      | Reached skill level 1 in Spellcasting
   230 | D:3      | Reached skill level 1 in Conjurations
   230 | D:3      | Reached skill level 1 in Hexes
   230 | D:3      | Reached skill level 1 in Charms
   230 | D:3      | Reached skill level 1 in Summonings
   230 | D:3      | Reached skill level 1 in Necromancy
   230 | D:3      | Reached skill level 1 in Translocations
   230 | D:3      | Reached skill level 1 in Transmutations
   230 | D:3      | Reached skill level 1 in Fire Magic
   230 | D:3      | Reached skill level 1 in Ice Magic
   230 | D:3      | Reached skill level 1 in Air Magic
   230 | D:3      | Reached skill level 1 in Earth Magic
   230 | D:3      | Reached skill level 1 in Poison Magic
   230 | D:3      | Reached skill level 1 in Evocations
   230 | D:3      | Reached XP level 4. HP: 26/38 MP: 4/6
   230 | D:3      | Reached XP level 5. HP: 30/43 MP: 4/7
   230 | D:3      | Reached XP level 6. HP: 35/50 MP: 4/8
   337 | D:5      | Entered Level 5 of the Dungeon
   342 | D:5      | Reached skill level 2 in Invocations
   359 | D:4      | Found a staircase to the Ecumenical Temple.
   405 | D:4      | Reached skill level 5 in Fighting
   405 | D:4      | Reached skill level 5 in Short Blades
   405 | D:4      | Reached skill level 5 in Throwing
   416 | Temple   | Entered the Ecumenical Temple
   522 | D:4      | Reached skill level 2 in Long Blades
   522 | D:4      | Reached skill level 2 in Axes
   522 | D:4      | Reached skill level 2 in Maces & Flails
   522 | D:4      | Reached skill level 2 in Polearms
   522 | D:4      | Reached skill level 2 in Staves
   522 | D:4      | Reached skill level 2 in Slings
   522 | D:4      | Reached skill level 2 in Bows
   522 | D:4      | Reached skill level 2 in Crossbows
   522 | D:4      | Reached skill level 2 in Armour
   522 | D:4      | Reached skill level 2 in Shields
   522 | D:4      | Reached skill level 2 in Unarmed Combat
   522 | D:4      | Reached skill level 2 in Spellcasting
   522 | D:4      | Reached skill level 2 in Evocations
   578 | D:3      | Found a radiant altar of Vehumet.
   773 | D:4      | Noticed Jaiteiro's ghost (amateur OgHu)
   833 | D:4      | You fall through a shaft for 2 floors!
   849 | D:7      | Noticed Joseph
   882 | D:5      | Noticed an ice beast
   897 | D:7      | Noticed a two-headed ogre
   916 | D:8      | Noticed a wyvern
   983 | D:7      | Got a pair of twisted gloves
   989 | D:7      | Identified the +0 pair of gloves of the Loofah {*Drain rPois rF+++ rCorr} (You found it on level 7 of the Dungeon)
  1015 | D:7      | Reached XP level 7. HP: 55/56 MP: 10/10
  1064 | D:7      | Noticed a hungry ghost
  1092 | D:7      | Killed a hungry ghost
  1092 | D:7      | Reached skill level 2 in Conjurations
  1092 | D:7      | Reached skill level 2 in Hexes
  1092 | D:7      | Reached skill level 2 in Charms
  1092 | D:7      | Reached skill level 2 in Summonings
  1092 | D:7      | Reached skill level 2 in Necromancy
  1092 | D:7      | Reached skill level 2 in Translocations
  1092 | D:7      | Reached skill level 2 in Transmutations
  1092 | D:7      | Reached skill level 2 in Fire Magic
  1092 | D:7      | Reached skill level 2 in Ice Magic
  1092 | D:7      | Reached skill level 2 in Air Magic
  1092 | D:7      | Reached skill level 2 in Earth Magic
  1092 | D:7      | Reached skill level 2 in Poison Magic
  1146 | D:7      | Quit the game

Skill      XL: |  1  2  3  4  5  6  7 |
---------------+----------------------+-----
Invocations    | 1 2 |  2.7
Long Blades    | 1 2 |  2.5
Axes           | 1 2 |  2.5
Maces & Flails | 1 2 |  2.5
Polearms       | 1 2 |  2.5
Staves         | 1 2 |  2.5
Slings         | 1 2 |  2.5
Bows           | 1 2 |  2.5
Crossbows      | 1 2 |  2.5
Armour         | 1 2 |  2.5
Dodging        | 3 |  3.6
Stealth        | 8 |  8.2
Shields        | 1 2 |  2.5
Unarmed Combat | 1 2 |  2.5
Spellcasting   | 1 2 |  2.5
Conjurations   | 1 2 |  2.0
Hexes          | 1 2 |  2.0
Charms         | 1 2 |  2.0
Summonings     | 1 2 |  2.0
Necromancy     | 1 2 |  2.0
Translocations | 1 2 |  2.0
Transmutations | 1 2 |  2.0
Fire Magic     | 1 2 |  2.0
Ice Magic      | 1 2 |  2.0
Air Magic      | 1 2 |  2.0
Earth Magic    | 1 2 |  2.0
Poison Magic   | 1 2 |  2.0
Evocations     | 1 2 |  2.5
Fighting       | 5 |  5.2
Short Blades   | 5 |  5.2
Throwing       | 5 |  5.2

Action                   |  1- 3 |  4- 6 |  7- 9 || total
-------------------------+-------+-------+-------++-------
Melee: Dagger            |    20 |    36 |     1 ||    57
       Bite              |     1 |     9 |     2 ||    12
       Quarterstaff      |       |    18 |       ||    18
       Spear             |       |    13 |       ||    13
       Broad axe         |       |     6 |    19 ||    25
 Fire: Blowgun           |     6 |     9 |     2 ||    17
Evoke: Wand              |       |     2 |     7 ||     9
  Use: Scroll            |       |     2 |       ||     2
       Potion            |       |       |     1 ||     1
 Stab: Sleeping          |     7 |     7 |     1 ||    15
       Distracted        |       |     1 |       ||     1
  Eat: Ration            |       |       |     2 ||     2
Armor: Robe              |     2 |    19 |     6 ||    27
Dodge: Dodged            |    16 |    55 |    17 ||    88

Table legend:
 A = Turns spent in this place as a percentage of turns spent in the entire game.
 B = Non-inter-level travel turns spent in this place as a percentage of non-inter-level travel turns spent in the entire game.
 C = Inter-level travel turns spent in this place as a percentage of turns spent in this place.
 D = Turns resting spent in this place as a percentage of non-inter-level travel turns spent in this place.
 E = Turns spent auto-exploring this place as a percentage of non-inter-level travel turns spent in this place.
 F = Non-inter-level travel turns spent in this place divided by the number of levels of this place that you've seen.
                   A       B       C       D       E      F
               +-------+-------+-------+-------+-------+----------------------
         Total | 100.0 | 100.0 |   1.1 |   0.0 |   0.0 | 125.9
       Dungeon |  94.2 |  95.3 |   0.0 |   0.0 |   0.0 | 135.0
        Temple |   5.8 |   4.7 |  19.7 |   0.0 |   0.0 |  53.0
               +-------+-------+-------+-------+-------+----------------------

Table legend:
 A = Kills in this place as a percentage of kills in entire the game.
 B = Kills by you in this place as a percentage of kills by you in the entire game.
 C = Kills by friends in this place as a percentage of kills by friends in the entire game.
 D = Other kills in this place as a percentage of other kills in the entire game.
 E = Experience gained in this place as a percentage of experience gained in the entire game.
 F = Experience gained in this place divided by the number of levels of this place that you have seen.
                   A       B       C       D       E      F
               +-------+-------+-------+-------+-------+----------------------
         Total | 100.0 | 100.0 |   N/A |   N/A | 100.0 | 100.6
       Dungeon | 100.0 | 100.0 |   N/A |   N/A | 100.0 | 113.1
               +-------+-------+-------+-------+-------+----------------------

Vault maps used:
D:1:      shiori_arrival_maze, hex_medium, okawaru_ov_weapons_minmay
D:2:      minmay_split_cup_small
D:3:      kennysheep_slug_shrine, vehumet_crystals, uniq_grinder
D:4:      minmay_temple_entry_mist
D:5:      first_ration
D:7:      uniq_joseph
Temple:   compressed_dpeg_circular_temple
